 Dungeon Crawl Stone Soup version 0.29-a0-321-gf1c400731a (webtiles) character file.

Game seed: 7420381112037450464

565 sizableburger the Chopper (level 7, -3/61 HPs)
             Began as a Deep Elf Fighter on Apr 4, 2022.
             Was an Initiate of Kikubaaqudgha.
             Slain by an orc warrior
             ... wielding a +0 long sword
              (7 damage)
             ... on level 4 of the Dungeon on Apr 5, 2022.
             The game lasted 00:12:22 (6272 turns).

sizableburger the Chopper (Deep Elf Fighter)        Turns: 6272, Time: 00:12:22

Health: -3/61      AC: 23    Str: 15    XL:     7   Next: 10%
Magic:  9/9        EV:  2    Int: 13    God:    Kikubaaqudgha [......]
Gold:   346        SH:  5    Dex: 14    Spells: 6/6 levels left

rFire   . . .      SeeInvis .   a - +0 war axe (freeze)
rCold   . . .      Faith    .   c - +1 buckler
rNeg    . . .      Spirit   .   (body armour currently unavailable)
rPois   +          Reflect  .   (helmet currently unavailable)
rElec   .          Harm     .   (cloak currently unavailable)
rCorr   .          Rampage  .   (gloves currently unavailable)
Will    .....      NoTele   +   (boots currently unavailable)
Stlth   +.........              (no amulet)
HPRegen 0.20/turn               e - +4 ring of evasion
MPRegen 0.11/turn               (no ring)

@: tree-form
A: stationary, stasis, torment immunity, boosted hp
a: Renounce Religion


You were on level 4 of the Dungeon.
You worshipped Kikubaaqudgha.
Kikubaaqudgha was noncommittal.
You were a tree.
You visited 2 branches of the dungeon, and saw 6 of its levels.
You also visited: Sewer.

You collected 346 gold pieces.

Inventory:

Hand Weapons
 a - a +0 war axe of freezing (weapon)
 o - a +1 vampiric hand axe
Missiles
 l - 6 datura-tipped darts
 s - 2 poisoned darts
Armour
 b - a +0 scale mail (melded)
 c - a +1 buckler (worn)
Jewellery
 e - a +4 ring of evasion (left branch)
Wands
 f - a wand of iceblast (23) (quivered)
 h - a wand of paralysis (9)
 m - a wand of flame (3)
Scrolls
 p - a scroll of fog
 t - a scroll of enchant armour
 v - 2 scrolls of teleportation
 w - a scroll of holy word
Potions
 d - a potion of might
 g - 5 potions of resistance
 i - 6 potions of curing
 k - 3 potions of degeneration
 n - a potion of heal wounds
 q - a potion of haste {unknown}
 r - a potion of invisibility {unknown}
 u - 2 potions of mutation {unknown}


   Skills:
 - Level 3.3 Fighting
 + Level 4.7 Axes
 - Level 0.6 Throwing
 - Level 2.4 Armour
 - Level 3.5 Dodging
 - Level 2.4 Shields
 - Level 3.1 Evocations


You had 6 spell levels left.
You didn't know any spells.
Your spell library contained the following spells:

 Spells                   Type           Power      Damage    Failure   Level
 Conjure Flame            Conj/Fire      0%         6-21      77%         3
 Gell's Gravitas          Tloc           0%         N/A       77%         3
 Ignite Poison            Fire/Tmut/Pois 0%         N/A       77%         3
 Lesser Beckoning         Tloc           0%         N/A       77%         3
 Teleport Other           Tloc           0%         N/A       77%         3
 Sticky Flame             Conj/Fire      0%         2d3       99%         4


Dungeon Overview and Level Annotations

Branches:
Dungeon (5/15)             Temple (1/1) D:5           Sewer (visited)

Altars:
Ashenzari
Cheibriados
Dithmenos
Elyvilon
Fedhas
Gozag
Hepliaklqana
Kikubaaqudgha
Makhleb
Nemelex Xobeh
Qazlal
Ru
Sif Muna
Trog
Uskayaw
Vehumet
Wu Jian
Xom
Yredelemnul
Zin
The Shining One
Beogh

Shops:
D:3 =


Message History

The puff of flame hits the orc warrior but does no damage.
The orc warrior is heavily wounded.
The orc warrior hits you with a +0 long sword.
Really quaff the potion of lignification?
You turn into a tree.
Your +0 scale mail melds into your body.
Your roots penetrate the ground.
The orc warrior hits you with a +0 long sword.
* * * LOW HITPOINT WARNING * * *
Unknown command.
You hit the orc warrior. You freeze the orc warrior.
The orc warrior is almost dead.
The orc warrior completely misses you.
The orc warrior hits you but does no damage.
You hit the orc warrior but do no damage.
The orc warrior is almost dead.
The orc warrior hits you but does no damage.
You hit the orc warrior but do no damage.
The orc warrior is almost dead.
The orc warrior hits you with a +0 long sword.
* * * LOW HITPOINT WARNING * * *
You barely miss the orc warrior.
The orc warrior is almost dead.
The orc warrior hits you but does no damage.
You hit the orc warrior but do no damage.
The orc warrior is almost dead.
The orc warrior hits you but does no damage. x2
You hit the orc warrior. You freeze the orc warrior.
The orc warrior is almost dead.
You block the orc warrior's attack.
You hit the orc warrior but do no damage.
The orc warrior is almost dead.
The orc warrior hits you with a +0 long sword!
* * * LOW HITPOINT WARNING * * *
You completely miss the orc warrior.
The orc warrior is almost dead.
You block the orc warrior's attack.
The orc warrior hits you with a +0 long sword!
You die...
Kikubaaqudgha rasps: "You have failed me!
Welcome... death!"

.##.#..#...##......####..........
.##+#.......:...##.#...........#.
.......##.##.......#...........#.
..........##.###...........###.#.
......######.......#.)..##+#.....
......######.....#...##......#.##
...........#.....#...##......#.##
......##.......#.#...##..........
......##(......o♣..#.####..#.....
#......#......##.#......#........
...........#............#..#.....
#......###.....................##
...>.............#......#..#.###
............#.#......##....#.#
....#.......#................####
.#.##.......#.#..................
)#.##.......#.#....#..#.#.......#


You could see an orc warrior.

Vanquished Creatures
  An ogre (D:5)
  A necrophage (D:5)
  A howler monkey (D:5)
  4 orc priests
  Jessica (D:2)
  Ijyb (D:4)
  A hell rat (Sewer)
  5 adders
  3 gnolls
  3 river rats (Sewer)
  A shadow imp (D:5)
  A white imp (D:5)
  2 worms (D:2)
  A dart slug (D:4)
  4 orcs
  3 bats
  10 endoplasms
  3 giant cockroaches
  2 goblins
  3 hobgoblins
  6 kobolds
  3 quokkas
  6 ball pythons
  3 frilled lizards
  10 rats
79 creatures vanquished.

Notes
Turn   | Place    | Note
-------+----------+-------------------------------------------
     0 | D:1      | sizableburger the Deep Elf Fighter began the quest for the
                  | Orb.
     0 | D:1      | Reached XP level 1. HP: 13/13 MP: 3/3
   865 | D:1      | Reached skill level 2 in Axes
   865 | D:1      | Reached XP level 2. HP: 14/18 MP: 4/4
  1287 | D:2      | Reached XP level 3. HP: 19/23 MP: 5/5
  1381 | D:2      | Noticed Jessica
  1389 | D:2      | Killed Jessica
  1460 | D:2      | Reached XP level 4. HP: 25/28 MP: 6/6
  1789 | D:2      | Reached skill level 1 in Dodging
  2027 | D:3      | Found a faded altar of an unknown god.
  2176 | D:3      | Found Gucvueju's Jewellery Shoppe.
  2282 | D:3      | Found a glowing drain.
  2297 | D:3      | Reached skill level 3 in Axes
  2306 | Sewer    | Entered a sewer
  2367 | Sewer    | Reached XP level 5. HP: 13/32 MP: 7/7
  2669 | D:3      | Found an opulent altar of Gozag.
  4144 | D:4      | Found a burning altar of Makhleb.
  4144 | D:4      | Found a shimmering altar of Xom.
  4145 | D:4      | Found a blossoming altar of Fedhas.
  4225 | D:4      | Noticed Ijyb
  4227 | D:4      | Paralysed by Ijyb for 6 turns
  4254 | D:4      | Killed Ijyb
  4255 | D:4      | Reached XP level 6. HP: 24/37 MP: 8/8
  4857 | D:5      | Entered Level 5 of the Dungeon
  4867 | D:4      | Reached skill level 4 in Axes
  4901 | D:5      | Reached skill level 1 in Evocations
  5083 | D:5      | Found a staircase to the Ecumenical Temple.
  5352 | Temple   | Entered the Ecumenical Temple
  5455 | Temple   | Became a worshipper of Kikubaaqudgha
  5698 | D:5      | Reached XP level 7. HP: 28/41 MP: 9/9
  6130 | D:5      | Found a hide-covered altar of Uskayaw.
  6130 | D:5      | Noticed a +0 dagger
  6130 | D:5      | Noticed a +0 dagger
  6272 | D:4      | Slain by an orc warrior

Illustrated notes

Levels and vault maps discovered:
D:1:      tarquinn_simple_flora_water_f, layout_loops_ring
D:2:      layout_loops_ring, minmay_pentomino_r4, uniq_jessica
D:3:      layout_loops_ring, grunt_gozag_statues,
          chequers_ecumenical_altar_island, serial_shops, nicolae_square_shop,
          portal_sewer_entry_d, kennysheep_orc_chapel
D:4:      layout_basic, gammafunk_temple_overflow_claw, uniq_ijyb
D:5:      layout_gridville, dancing_weapons_uskayaw, minmay_temple_entry_grid
Temple:   nicolae_temple_elliptical

Skill      XL: |  1  2  3  4  5  6  7 |
---------------+----------------------+-----
Axes           | 2 3 4 |  4.7
Fighting       | 3 |  3.3
Dodging        | 2 3 |  3.5
Evocations     | 2 3 |  3.1
Throwing       | |  0.6
Armour         | |  2.4
Shields        | |  2.4

Action                   |  1- 3 |  4- 6 |  7- 9 || total
-------------------------+-------+-------+-------++-------
Melee: War axe           |    70 |   104 |    33 ||   207
       Hand axe          |       |   103 |       ||   103
Throw: Stone             |    17 |     4 |       ||    21
       Dart              |       |     3 |       ||     3
Evoke: Wand              |       |     1 |     2 ||     3
  Use: Scroll            |       |    15 |       ||    15
       Potion            |       |     4 |     1 ||     5
Armor: Scale mail        |    32 |    50 |     6 ||    88
       Skin              |       |    19 |     5 ||    24
Dodge: Dodged            |    30 |   106 |    18 ||   154
Block: Buckler           |    15 |    48 |     8 ||    71

Table legend: (Time is in decaauts)
 A = Elapsed time spent in this place.
 B = Non-inter-level travel time spent in this place.
 C = Inter-level travel time spent in this place.
 D = Time resting spent in this place.
 E = Time spent auto-exploring this place.
 F = Levels seen in this place.
 G = Mean time per level.
                   A        B        C        D        E       F      G
               +--------+--------+--------+--------+--------+-----+--------+
         Total |   6406 |   5998 |    408 |   1544 |   3439 |   7 |  915.1 |
       Dungeon |   5881 |   5525 |    356 |   1498 |   3139 |   5 | 1176.2 |
        Temple |    192 |    140 |     52 |      0 |    108 |   1 |  192.0 |
         Sewer |    332 |    332 |      0 |     46 |    192 |   1 |  332.0 |
               +--------+--------+--------+--------+--------+-----+--------+

Top non-repeatable levels by time:
     D:3: 1310 daAuts
     D:5: 1199 daAuts
     D:1: 1157 daAuts
     D:4: 1108 daAuts
     D:2: 1105 daAuts
   Sewer: 332 daAuts
  Temple: 192 daAuts
